 Dungeon Crawl Stone Soup version 0.20-a0-472-g5c05303 (webtiles) character file.

9169 shitimlost the Carver (level 11, -4/93 HPs)
             Began as a Barachian Fighter on Jan 14, 2017.
             Was an Elder of Cheibriados.
             Killed from afar by an electric eel (12 damage)
             ... with a bolt of electricity
             ... on level 9 of the Dungeon.
             The game lasted 00:36:55 (10513 turns).

shitimlost the Carver (Barachian Fighter)          Turns: 10513, Time: 00:36:56

Health: -4/93      AC: 12    Str: 28    XL:     11   Next: 42%
Magic:  15/15      EV:  7    Int: 16    God:    Cheibriados [****..]
Gold:   396        SH: 14    Dex: 24    Spells: 8/10 levels left

rFire  . . .     SeeInvis .     w - +1 long sword (flame)
rCold  . . .     Gourm    .     b - +0 scale mail
rNeg   . . .     Faith    .     c - +3 shield
rPois  .         Spirit   .     X - +0 hat {MR+}
rElec  .         Reflect  .     q - +2 cloak
rCorr  .         Harm     .     g - +0 pair of gloves
MR     +....                    l - +0 pair of boots (curse)
Stlth  +.........               (no amulet)
                                (no ring)
                                z - +3 ring of dexterity

@: very slow
A: swims, slowness 1, strong legs 1
a: Hop, Bend Time, Temporal Distortion, Slouch, Renounce Religion


You were on level 9 of the Dungeon.
You worshipped Cheibriados.
Cheibriados was greatly pleased with you.
You were not hungry.

You visited 1 branch of the dungeon, and saw 9 of its levels.

You collected 487 gold pieces.
You spent 91 gold pieces at shops.

Inventory:

Hand Weapons
 a - a +4 long sword
 n - a +1 dagger of freezing
 s - a +0 hunting sling
 u - a +1 spear of piercing
 w - a +1 long sword of flaming (weapon)
 N - a +4 short sword
 O - a cursed -2 spear
Missiles
 t - 201 stones (quivered)
 v - 8 needles of paralysis
 J - 64 sling bullets
Armour
 b - a +0 scale mail (worn)
 c - a +3 shield (worn)
 g - a +0 pair of gloves (worn)
 l - a cursed +0 pair of boots (worn)
 q - a +2 cloak (worn)
 X - a +0 hat of magic resistance (worn)
Magical Staves
 S - an uncursed staff of energy {unknown}
Jewellery
 r - an uncursed amulet of guardian spirit {unknown}
 z - a +3 ring of dexterity (left hand)
Wands
 i - a wand of flame (0/48)
 y - a wand of iceblast (0/15)
 D - a wand of digging (14/24)
 E - a wand of lightning (0/15)
 G - a wand of flame (0/48)
 T - a wand of clouds (4/9)
Scrolls
 j - a scroll of holy word {unknown}
 o - 3 scrolls of remove curse
 p - 2 scrolls of recharging
 F - a scroll of teleportation
 K - a scroll of fog
 L - a scroll of blinking
Potions
 d - a potion of berserk rage
 e - 2 potions of flight
 m - 2 potions of curing
 x - a potion of cancellation {unknown}
 A - a potion of agility {unknown}
 I - 3 potions of brilliance {unknown}
 U - a potion of cure mutation {unknown}
 Y - 2 potions of lignification {unknown}
Books
 k - a book of Cantrips

   Spells                             Type                      Level
   a - Confusing Touch                Hexes                        1
   b - Animate Skeleton               Necromancy                   1
   c - Summon Small Mammal            Summoning                    1
   d - Apportation                    Translocation                1
 C - a book of Changes

   Spells                             Type                      Level
   a - Beastly Appendage              Transmutation                1
   b - Sticks to Snakes               Transmutation                2
   c - Spider Form                    Transmutation/Poison         3
   d - Ice Form                       Ice/Transmutation            4
   e - Blade Hands                    Transmutation                5
 M - a book of Minor Magic

   Spells                             Type                      Level
   a - Magic Dart                     Conjuration                  1
   b - Blink                          Translocation                2
   c - Call Imp                       Summoning                    2
   d - Repel Missiles                 Charms/Air                   2
   e - Slow                           Hexes                        2
   f - Conjure Flame                  Conjuration/Fire             3
   g - Mephitic Cloud                 Conjuration/Poison/Air       3
 P - a book of Flames

   Spells                             Type                      Level
   a - Flame Tongue                   Conjuration/Fire             1
   b - Throw Flame                    Conjuration/Fire             2
   c - Conjure Flame                  Conjuration/Fire             3
   d - Inner Flame                    Hexes/Fire                   3
   e - Sticky Flame                   Conjuration/Fire             4
   f - Fireball                       Conjuration/Fire             5
 Q - a book of Debilitation

   Spells                             Type                      Level
   a - Corona                         Hexes                        1
   b - Slow                           Hexes                        2
   c - Gell's Gravitas                Hexes/Translocation          3
   d - Inner Flame                    Hexes/Fire                   3
   e - Cause Fear                     Hexes                        4
   f - Leda's Liquefaction            Hexes/Earth                  4
 R - a book of Air

   Spells                             Type                      Level
   a - Shock                          Conjuration/Air              1
   b - Swiftness                      Charms/Air                   2
   c - Repel Missiles                 Charms/Air                   2
   d - Static Discharge               Conjuration/Air              3
   e - Lightning Bolt                 Conjuration/Air              5
Comestibles
 f - 9 bread rations
 h - 4 meat rations
 V - 2 beef jerkies
 W - 7 slices of pizza


   Skills:
 + Level 11.0 Fighting
 - Level 14.0 Long Blades
 - Level 3.7 Armour
 - Level 0.4 Stealth
 - Level 3.3 Shields
 - Level 6.2 Invocations


You had 8 spell levels left.
You knew the following spells:

 Your Spells              Type           Power        Failure   Level  Hunger
a - Repel Missiles        Chrm/Air       #.....       100%        2    ###....


Dungeon Overview and Level Annotations

Branches:
Dungeon (9/15)             Temple (0/1) D:7
   Lair: D:8-11         Orc: D:9-12

Altars:
Cheibriados
Fedhas
Makhleb
Ru
Trog
Zin
The Shining One
Beogh

Shops:
D:5 }   D:7 =   D:9 :

Annotations:
D:9 Maurice


Innate Abilities, Weirdness & Mutations

You can swim through water.
You cover ground slowly.
You can hop short distances.


Message History

The electric eel shoots out a bolt of lightning at you!
The bolt of electricity hits you!
The electric eel shoots out a bolt of lightning at you!
The bolt of electricity hits you!
The electric eel shoots out a bolt of lightning at you!
The bolt of electricity hits you!
The electric eel shoots out a bolt of lightning at you!
The bolt of electricity hits you!
The electric eel shoots out a bolt of lightning at you!
The bolt of electricity hits you!
* * * LOW HITPOINT WARNING * * *
The electric eel shoots out a bolt of lightning at you!
The bolt of electricity misses you.
There is a large open door here.
The electric eel shoots out a bolt of lightning at you!
The bolt of electricity hits you!
* * * LOW HITPOINT WARNING * * *
The electric eel shoots out a bolt of lightning at you!
The bolt of electricity hits you!
You die...

..#####≈≈≈≈≈≈;≈..≈≈≈≈≈≈≈
...
...†..#≈≈≈≈≈≈≈≈..≈≈≈≈≈≈≈
##
....####≈≈≈≈≈;≈..≈≈≈≈≈≈≈
# )..## #≈≈≈≈≈≈..≈≈≈≈≈≈#
# ).## #≈≈≈≈≈..≈≈≈≈≈#
..# ##≈≈≈≈..≈≈≈≈## #.# #
##≈≈;..≈≈≈## #+## #.
####''#### #. ...##
#.####..@# #.. # ....##
#.......## ..### .....##
###.##.## .....
.)....####...#.## ###..
.[....'.....)..... ..
#.. ......####...#.###
#.....###.. .....##
##.##.# #.# #......
....## ####.# #.#
#####.# ...## .. #.# #.#


You could see 2 electric eels.

Vanquished Creatures
  Gastronok (D:8)
  3 two-headed ogres
  The ghost of shitimlost the Slasher, a novice BaFi of Cheibriados (D:5)
  A troll (D:9)
  A hornet (D:9)
  Prince Ribbit (D:8)
  Sigmund (D:6)
  A wyvern (D:8)
  3 hogs (D:8)
  A yak (D:8)
  A human (D:8)
  A hungry ghost (D:7)
  Menkaure (D:6)
  A water moccasin (D:6)
  A sky beast (D:9)
  A black bear (D:8)
  An ice beast (D:7)
  5 orc warriors
  2 ogres
  An eye of draining (D:9)
  3 centaurs
  2 big kobolds (D:8)
  3 bullfrogs
  3 scorpions
  2 wights (D:9)
  4 crimson imps
  A jelly (D:5)
  A centaur skeleton (D:8)
  8 orc priests
  Crazy Yiuf (D:2)
  6 hounds
  Jessica (D:2)
  An iguana (D:7)
  Natasha (twice) (D:2)
  12 orc wizards
  3 worker ants
  A hound skeleton (D:8)
  A worker ant zombie (D:5)
  7 gnolls
  10 adders
  2 oozes
  An adder zombie (D:5)
  8 worms
  2 dart slugs
  6 leopard geckos
  63 orcs
  3 ball pythons
  7 giant cockroaches
  10 goblins
  10 hobgoblins
  11 jackals
  8 quokkas
  9 bats
  11 frilled lizards
  A jackal zombie (D:6)
  17 kobolds
  A leopard gecko skeleton (D:6)
  7 rats
278 creatures vanquished.

Vanquished Creatures (others)
  An adder zombie (D:9)
1 creature vanquished.

Grand Total: 279 creatures vanquished

Notes
Turn   | Place    | Note
-------+----------+-------------------------------------------
     0 | D:1      | shitimlost the Barachian Fighter began the quest for the Orb.
     0 | D:1      | Reached XP level 1. HP: 18/18 MP: 1/1
    72 | D:1      | Reached XP level 2. HP: 5/24 MP: 2/2
    72 | D:1      | HP: 1/24 [kobold/short sword (4)]
   508 | D:1      | Reached XP level 3. HP: 27/29 MP: 3/3
   915 | D:2      | Reached skill level 3 in Long Blades
   918 | D:2      | Noticed Jessica
   922 | D:2      | Killed Jessica
   922 | D:2      | Reached XP level 4. HP: 29/37 MP: 4/4
  1055 | D:2      | Found a runed door.
  1165 | D:2      | Noticed Natasha
  1172 | D:2      | Killed Natasha
  1172 | D:2      | Reached skill level 4 in Long Blades
  1173 | D:2      | Found a snail-covered altar of Cheibriados.
  1181 | D:2      | Became a worshipper of Cheibriados the Contemplative
  1182 | D:2      | Noticed Natasha
  1190 | D:2      | Killed Natasha
  1190 | D:2      | Reached XP level 5. HP: 12/42 MP: 1/5
  1353 | D:2      | Found a faded altar of an unknown god.
  1388 | D:2      | Found a glowing silver altar of Zin.
  1510 | D:2      | Noticed Crazy Yiuf
  1520 | D:2      | Killed Crazy Yiuf
  1864 | D:3      | Found a glowing golden altar of the Shining One.
  1963 | D:3      | Reached skill level 5 in Long Blades
  2100 | D:3      | Reached * piety under Cheibriados
  2100 | D:3      | Reached XP level 6. HP: 38/49 MP: 6/6
  2336 | D:3      | Reached skill level 6 in Long Blades
  2924 | D:4      | Found a burning altar of Makhleb.
  3130 | D:4      | Reached ** piety under Cheibriados
  3724 | D:5      | Entered Level 5 of the Dungeon
  3888 | D:5      | Reached XP level 7. HP: 44/55 MP: 4/7
  3902 | D:5      | Found Tuts's Gadget Shop.
  3914 | D:5      | Bought a wand of lightning (3/15) for 91 gold pieces
  3942 | D:5      | Reached skill level 1 in Invocations
  3978 | D:5      | Reached skill level 7 in Long Blades
  4571 | D:5      | Noticed shitimlost's ghost (novice BaFi)
  4597 | D:5      | Killed shitimlost's ghost
  4597 | D:5      | Reached skill level 8 in Long Blades
  4597 | D:5      | Reached XP level 8. HP: 39/61 MP: 4/11
  4932 | D:5      | You fall through a shaft for 3 floors!
  4959 | D:7      | Found a staircase to the Ecumenical Temple.
  4992 | D:7      | Reached skill level 5 in Invocations
  5074 | D:7      | Reached skill level 9 in Long Blades
  5228 | D:7      | Reached *** piety under Cheibriados
  5903 | D:6      | Noticed Menkaure
  5912 | D:5      | Reached XP level 9. HP: 30/67 MP: 13/13
  6229 | D:6      | Reached skill level 10 in Long Blades
  6329 | D:6      | Killed Menkaure
  6454 | D:6      | Noticed Sigmund
  6464 | D:6      | Killed Sigmund
  6464 | D:6      | Reached skill level 11 in Long Blades
  6516 | D:6      | Reached **** piety under Cheibriados
  6913 | D:7      | Noticed a moth of wrath
  6916 | D:7      | Found a bloodstained altar of Trog.
  7052 | D:7      | Found Inleid's Jewellery Shop.
  7086 | D:8      | Reached skill level 12 in Long Blades
  7532 | D:8      | Noticed a two-headed ogre
  7544 | D:8      | Killed a two-headed ogre
  7544 | D:8      | Reached skill level 13 in Long Blades
  7544 | D:8      | Reached XP level 10. HP: 23/73 MP: 11/14
  8243 | D:8      | Noticed a two-headed ogre
  8358 | D:8      | Killed a two-headed ogre
  8358 | D:8      | Reached skill level 14 in Long Blades
  8410 | D:8      | Found a sacrificial altar of Ru.
  8421 | D:8      | Reached skill level 5 in Fighting
  8579 | D:8      | Noticed Gastronok
  8835 | D:8      | Noticed Prince Ribbit
  9054 | D:8      | Found a blossoming altar of Fedhas.
  9285 | D:8      | Found a roughly hewn altar of Beogh.
  9454 | D:8      | Killed Gastronok
  9454 | D:8      | Reached XP level 11. HP: 59/90 MP: 10/15
  9762 | D:8      | Killed Prince Ribbit
  9762 | D:8      | Reached skill level 10 in Fighting
  9919 | D:9      | Found Jokketom's Book Boutique.
  9939 | D:9      | Learned a level 2 spell: Repel Missiles
  9958 | D:9      | Noticed a two-headed ogre
  9958 | D:9      | Noticed a two-headed ogre
 10005 | D:9      | Killed a two-headed ogre
 10215 | D:9      | Paralysed by a hornet for 3 turns
 10225 | D:9      | Paralysed by a hornet for 1 turns
 10438 | D:9      | Noticed Maurice
 10513 | D:9      | Killed from afar by an electric eel

Vault maps used:
D:1:      lightli_iron_boxes, serial_forest, infiniplex_forest_straight_2,
          infiniplex_forest_lined_2, infiniplex_forest_straight_2,
          infiniplex_forest_clump_diagonal
D:2:      zin_statuary, lemuel_round_altar, first_bread,
          chequers_ecumenical_altar_twisty, uniq_jessica, uniq_natasha,
          uniq_crazy_yiuf_cottage
D:3:      nicolae_tso_swordbearing_angel
D:4:      lemuel_coloured_pillars_altar
D:5:      serial_shops, nicolae_shop_trees
D:6:      uniq_menkaure, uniq_sigmund
D:7:      serial_shops, nicolae_shop_behind_doors, tgw_trog
D:8:      minmay_flawed_box, nicolae_overflow_crystal_walls,
          kennysheep_mini_moat, special_room, grunt_livestock,
          hangedman_decor_opposing, uniq_gastronok, uniq_prince_ribbit1
D:9:      kennysheep_big_flooded_room, serial_shops, shop_statue,
          enter_bailey_2, minmay_misc_feat_hallway, uniq_maurice

Skill      XL: |  1  2  3  4  5  6  7  8  9 10 11 |
---------------+----------------------------------+-----
Long Blades    | 3 4 5 6 8 9 13 14 | 14.0
Fighting       | 4 9 11 | 11.0
Invocations    | 4 6 |  6.2
Armour         | |  3.7
Stealth        | |  0.4
Shields        | |  3.3

Action                   |  1- 3 |  4- 6 |  7- 9 | 10-12 || total
-------------------------+-------+-------+-------+-------++-------
Melee: Long sword        |   131 |   218 |   310 |   271 ||   930
 Fire: Hunting sling     |       |       |     3 |       ||     3
Invok: Bend Time         |       |     5 |    12 |    19 ||    36
       Slouch            |       |       |       |     1 ||     1
       Temporal Distorti |       |       |       |     1 ||     1
 Abil: Hop               |     1 |       |     1 |     5 ||     7
Evoke: Wand              |       |       |    29 |    13 ||    42
  Use: Scroll            |     2 |     9 |     5 |     3 ||    19
       Potion            |       |     3 |     2 |     5 ||    10
  Eat: Chunk             |     1 |     6 |     6 |     6 ||    19
       Fruit             |       |     2 |     1 |     1 ||     4
Armor: Scale mail        |    79 |    97 |    88 |    87 ||   351
Dodge: Dodged            |    47 |    82 |    72 |    45 ||   246
Block: Shield            |    75 |   126 |   216 |   145 ||   562
       Rpst.: Long sword |    14 |    19 |    21 |    13 ||    67
